Unix NetHack Version 5.0.0-0 post-release - last build Jul 19 2026 19:10:59 (3aa4ab31751d3886436d94b585a96704892fd477,branch:main).

Game began 2026-07-26 02:00:11, ended 2026-07-26 02:36:57.

HumaRuntu, neutral female human Wizard

     ----                             ---                     ---   ---
     |..----                        ---.--                -----.-----.|
 -----.....---------------------   --....---             --.|....--..--
--.|...........................-----.......-----------   |..........--
|............-----------------.....................|.--- --.-.......--
--......--..--               ------....................---|-..|......--
 ---.|.--|..|                    --.................))..)||..-|....--.|
   --|.| -----                   |.<.))..%)..............||.--|....|---
     |.-- |..|    ----           |.......................--.| ------    ----
     |..| |..--  --..|           --.........................|          --..|
     --.| --..-- |...--           |..........hG.............|        ---...--
      |.|  |-..---....|           ---........@_..).........--       --......--
      |.|  |..........--            |......................|       --...--...|
      |.----...........-- ----   ----......................---------....|--..|
      |.................| |..----|.......|.....--...-...................| ----
      --........>.....|.|--.....--.....----..----.........---------------
       |-...........-----|.................................|
       |...........--    -----......--------------...----..|
       --....---.---         --.|.---            |..--  ----
        ------ ---            -----              ----
HumaRuntu the Conjurer    St:9 Dx:14 Co:13 In:16 Wi:14 Ch:9  Neutral
Dlvl:3  $:263 HP:0(24) Pw:28(34) AC:9  Xp:3 T:1157 

Latest messages:
 A dagger misses you.
 You see here an iron chain (attached to you).
 Pick a monster, object or location.
 .        a doorway or the floor of a room or the dark part of a room or ice (dark part of a room)
 You see here a dagger.
 It is hit.
 It is missed.
 You are hit by a dagger.
 The gnomish wizard points at you, then curses.
 It is hit.
 It is destroyed!
 The kitten bites the gnome.
 The gnome is killed!
 The gnomish wizard points at you, then curses.
 In what direction? l
 The spell hits the gnomish wizard!
 The gnomish wizard resists!
 The spell hits it!
 You kill it!
 Your kitten eats a gnome corpse.
 The gnomish wizard points at you, then curses.
 The spell hits the gnomish wizard!
 You kill the gnomish wizard!
 Welcome to experience level 3.
 A cyan potion shatters!
 You smell a peculiar odor...
 Call a cyan potion: a
 The spell hits it.
 You kill it!
 You see here a gnome corpse.
 You hear some noises in the distance.
 You are hit by a crossbow bolt.
 You are hit by a crossbow bolt.
 You are almost hit by a crossbow bolt.
 You are hit by a crossbow bolt.
 In what direction? l
 The spell hits it!
 You kill it!
 You are beginning to feel hungry.
 What do you want to eat? [sv or ?*] v
 This food really hits the spot!
 You finish eating the food ration.
 You are hit by a dagger.
 You are hit by a dagger.
 The dwarf swings her thonged club.
 The dwarf hits!
 The dwarf swings her thonged club.
 The dwarf hits!
 You die...
 Do you want your possessions identified? [ynq] (y) q

Inventory:
 Coins    ('$')
  $ - 263 gold pieces
 Weapons  (')')
  r - a +0 mace
  a - a blessed +1 quarterstaff (weapon in hands)
 Armor    ('[')
  w - an uncursed -1 pair of speed boots (being worn)
  b - an uncursed +0 cloak of magic resistance (being worn)
 Comestibles  ('%')
  s - an uncursed slime mold
 Scrolls  ('?')
  i - 2 uncursed scrolls of destroy armor
 Spellbooks  ('+')
  q - an uncursed spellbook of confuse monster
  m - an uncursed spellbook of extra healing
  l - a blessed spellbook of force bolt
 Potions  ('!')
  h - an uncursed potion of confusion
  f - an uncursed potion of gain ability
  g - an uncursed potion of restore ability
  z - an uncursed potion of water
 Rings    ('=')
  d - an uncursed +1 ring of adornment
  e - an uncursed ring of conflict
 Wands    ('/')
  c - a wand of stasis (0:6)
 Tools    ('(')
  n - a magic marker (0:19)
 Gems/Stones  ('*')
  u - an uncursed agate stone

HumaRuntu the Wizard's attributes:

Background:
 You were a Conjurer, a level 3 female human Wizard.
 You were neutral, on a mission for Thoth
 who was opposed by Ptah (lawful) and Anhur (chaotic).
 You were right-handed.
 You were in the Gnomish Mines, on level 3.
 You entered the dungeon 1157 turns ago.
 It was nighttime.
 You had 72 experience points, 8 more were needed to attain level 4.

Basics:
 You had 0 out of 24 hit points.
 You had 28 out of 34 energy points (spell power).
 Your armor class was 9.
 Your wallet contained 263 zorkmids.
 Autopickup was on for '$?!/="+' plus thrown.

Final Characteristics:
 Your strength was 9 (limit:18/100).
 Your dexterity was 14 (limit:18).
 Your constitution was 13 (limit:18).
 Your intelligence was 16 (limit:18).
 Your wisdom was 14 (limit:18).
 Your charisma was 9 (limit:18).

Final Status:
 You were chained to a heavy iron ball.
 You weren't hungry.
 You were unencumbered.
 You were wielding a quarterstaff.
 You had basic skill with quarterstaff.

Final Attributes:
 You were devoutly aligned.
 You were magic-protected.
 You were warded.
 You were very fast.
 You are dead.

Miscellaneous:
 You didn't encounter any bones levels.
 Total elapsed playing time was 36 minutes and 44 seconds.

Major events:
 Turn
    1: HumaRuntu the neutral female human Wizard entered the dungeon
 1081: entered the Gnomish Mines
 1093: attained the rank of Conjurer (level 3)
 1157: killed by a dwarf, while dragging an iron ball

Spells:
 Name                 Level Category     Fail Retention
 force bolt             1   attack         0%  91%-100%
 extra healing          3   healing       96%  76%-100%

Skills:
 Fighting Skills
   bare handed combat [Unskilled]
   riding             [Unskilled]
 Weapon Skills
   dagger             [Unskilled]
   knife              [Unskilled]
   axe                [Unskilled]
   short sword        [Unskilled]
   club               [Unskilled]
   mace               [Unskilled]
   quarterstaff       [Basic]
   polearms           [Unskilled]
   spear              [Unskilled]
   trident            [Unskilled]
   sling              [Unskilled]
   dart               [Unskilled]
   shuriken           [Unskilled]
 Spellcasting Skills
   attack spells      [Basic]
   healing spells     [Unskilled]
   divination spells  [Unskilled]
   enchantment spells [Basic]
   clerical spells    [Unskilled]
   escape spells      [Unskilled]
   matter spells      [Unskilled]

Voluntary challenges:
 Character rerolling was not enabled.
 You never genocided any monsters.
 You never polymorphed an object.
 You never changed form.
 You used no wishes.
Achievements:
 You entered a shop.
 You entered the Gnomish Mines.
 You attained the rank of Conjurer.

 The Dungeons of Doom: levels 1 to 2
    Level 1:
       An altar, many fountains.
    Level 2:
       A general store, a sink, a grave.
       Stairs down to The Gnomish Mines.
 The Gnomish Mines:
    Level 3: <- You were here.
       Final resting place for
          you, killed by a dwarf, while dragging an iron ball.


Vanquished creatures:
  a gnomish wizard
  6 gnomes
  a gnome zombie
  3 jackals
  a kobold
  a sewer rat
  a grid bug
  3 lichens
  4 newts
21 creatures vanquished.

No species were genocided or became extinct.

Game over:
                       ----------
                      /          \
                     /    REST    \
                    /      IN      \
                   /     PEACE      \
                  /                  \
                  |    HumaRuntu     |
                  |      263 Au      |
                  |   killed by a    |
                  |      dwarf       |
                  |                  |
                  |                  |
                  |       2026       |
                 *|     *  *  *      | *
        _________)/\\_//(\/(/\)/\//\/|_)_______

Goodbye HumaRuntu the Wizard...

You died in The Gnomish Mines on dungeon level 3 with 655 points,
and 263 pieces of gold, after 1157 moves.
You were level 3 with a maximum of 24 hit points when you died.

